AoeStats
← SiulO1NE

Arabia

509985182Analyzed
2v2 RM · 3d ago on Sep 28, 2026· 43m 17s· 4 players
Game mode
Random Map
Map size
Medium (4 player)
Population
200
Speed
Normal
Resources
Standard
Victory
Conquest
Starting age
Dark Age
Ending age
Imperial Age
RankedLock teamsTeams togetherTeam positionsShared explorationLock speedFull tech treeHidden civsTurbo modeCheats
Victory
Defeat
🇧🇷 Britons · Brazil
753
+13
🇹🇷 Burgundians · Türkiye
748
+14
🇬🇧 Varangians · United Kingdom
718
-30
🇬🇧 Franks · United Kingdom
688
-26
Mantas
7:13 Loom
10:36 Feudal Age
11:45 Double-Bit Axe
13:57 Wheelbarrow
18:26 Scale Barding Armor
20:06 Forging
25:51 Castle Age
27:38 Hand Cart
27:23 Gold Mining
27:37 Husbandry
28:18 Iron Casting
28:04 Chain Barding Armor
27:58 Pikeman
36:26 Fletching
Tea
13:39 Feudal Age
14:20 Double-Bit Axe
27:47 Castle Age
35:59 Wheelbarrow
35:36 Bow Saw
38:32 Forging
38:22 Scale Mail Armor
40:32 Pikeman
41:12 Squires
41:33 Chain Mail Armor
41:54 Iron Casting
Vico
1:54 Loom
3:47 Double-Bit Axe
10:55 Wheelbarrow
12:39 Feudal Age
13:31 Horse Collar
18:10 Stone Mining
21:06 Castle Age
21:43 Pikeman
24:44 Forging
24:43 Heavy Plow
26:55 Husbandry
28:56 Iron Casting
27:55 Cavalier
30:42 Scale Barding Armor
32:22 Bow Saw
38:00 Fervor
41:52 Imperial Age
42:38 Fletching
42:16 Light Cavalry
42:59 Treadmill Crane
43:47 Chain Barding Armor
SiulO1NE
10:26 Loom
12:26 Feudal Age
13:16 Double-Bit Axe
16:00 Horse Collar
22:32 Fletching
25:47 Castle Age
26:41 Town Watch
27:17 Bow Saw
28:07 Scale Mail Armor
27:47 Pikeman
30:47 Forging
33:48 Crossbowman
38:34 Wheelbarrow
39:28 Bodkin Arrow
41:39 Ballistics
Connection lost

Rejoining the realm…

Still unreachable

The connection could not be restored.

Session expired

The server has moved on; the page needs a fresh start.